 Dungeon Crawl Stone Soup version 0.28.0-43-g3370ac3207 (webtiles) character file.

Game seed: 1821143503292268109

60 mortz the Conjurer (level 3, -3/19 HPs)
             Began as a Deep Elf Conjurer on Mar 15, 2022.
             Slain by a black bear (11 damage)
             ... on level 3 of the Dungeon.
             The game lasted 00:14:37 (2523 turns).

mortz the Conjurer (Deep Elf Conjurer)              Turns: 2523, Time: 00:14:37

Health: -3/19      AC:  2    Str:  6    XL:     3   Next: 82%
Magic:  5/10       EV: 13    Int: 22    God:
Gold:   54         SH:  0    Dex: 19    Spells: 6/9 levels left

rFire   + . .      SeeInvis .   v - +7 flail of Exhibitionism {holy, rF+ rN+ Dex+6, mace}
rCold   . . .      Faith    .   (no shield)
rNeg    + . .      Spirit   .   a - +0 robe
rPois   .          Reflect  .   (no helmet)
rElec   .          Harm     .   (no cloak)
rCorr   .          Rampage  .   (no gloves)
Will    .....                   (no boots)
Stlth   ++........              (no amulet)
HPRegen 0.06/turn               x - +4 ring of slaying
MPRegen 0.12/turn               (no ring)

@: no status effects
A: no striking features
a: no special abilities


You were on level 3 of the Dungeon.
You visited 1 branch of the dungeon, and saw 3 of its levels.

You collected 54 gold pieces.


   Skills:
 + Level 2.4 Dodging
 + Level 2.7 Stealth
 + Level 3.6 Spellcasting
 + Level 5.7 Conjurations


You had 6 spell levels left.
You knew the following spells:

 Your Spells              Type           Power      Damage    Failure   Level
a - Magic Dart            Conj           100%       1d8       1%          1
b - Searing Ray           Conj           58%        2d6       1%          2

Your spell library contained the following spells:

 Spells                   Type           Power      Damage    Failure   Level
 Dazzling Flash           Conj/Hex       32%        N/A       11%         3
 Fulminant Prism          Conj/Hex       8%         3d7       34%         4
 Iskenderun's Mystic Bla  Conj/Tloc      16%        2d5       34%         4

Inventory:

Hand Weapons
 d - a +0 flail {mace}
   (You found it on level 1 of the Dungeon)
 f - a +0 dagger {short}
   (You took it off a kobold on level 1 of the Dungeon)
 g - a +0 short sword {short}
   (You took it off a kobold on level 1 of the Dungeon)
 n - a +0 whip of venom {mace}
   (You took it off a kobold on level 1 of the Dungeon)
 p - a +0 whip of electrocution {mace}
   (You took it off a kobold on level 1 of the Dungeon)
 r - a +0 rapier {short}
   (You found it on level 2 of the Dungeon)
 u - a +2 mace of protection {mace}
   (You found it on level 3 of the Dungeon)
 v - the +7 flail of Exhibitionism (weapon) {holy, rF+ rN+ Dex+6, mace}
   (You found it on level 3 of the Dungeon)

   It has been blessed by the Shining One to cause great damage to the undead
   and demons.
   Dex:       It affects your dexterity (+6).
   rF:        It protects you from fire.
   rN:        It protects you from negative energy.
Missiles
 e - 2 javelins {throwing}
 h - 53 stones {throwing}
 m - 9 arrows
Armour
 a - a +0 robe (worn)
 j - a +0 ring mail
   (You found it on level 1 of the Dungeon)
Jewellery
 x - a +4 ring of slaying (left hand)
   (You found it on level 3 of the Dungeon)
Wands
 w - a wand of acid (2)
   (You found it on level 3 of the Dungeon)
Scrolls
 b - 2 scrolls of identify {unknown}
 c - 2 scrolls of noise {unknown}
 i - 2 scrolls of teleportation {unknown}
 l - a scroll of fog {unknown}
 q - a scroll of magic mapping {unknown}
Potions
 k - a potion of resistance {unknown}
 o - 4 potions of curing {unknown}
 s - a potion of heal wounds {unknown}
 t - a potion of magic {unknown}

Dungeon Overview and Level Annotations

Branches:
Dungeon (3/15)

Altars:

Shops:
D:1

= #.# #..............# #.# #.#
#.# #..............# #.# #.# #.#
#.........###'## #.# #.#
#.........# #.# #.# #.#
########### #.# #.# ###.##
#.####.## .... #........
####.#########################.##
...............h@................
##...#########################.#.
#...# #.......#. #...# #.#######.
#..... #.# #. ###### #.# #. #.#
#. #.# #. #.#######.


You could see a black bear (berserk).


Message History

Found a stone staircase leading down. 😎 MP[+4]
Your mp is fully restored (10).
o - 3 emerald potions (gained 1)
There is a stone staircase leading down here.
You open the door.
There is an open door here.
Found a stone staircase leading up.
Found a stone staircase leading up.
A hobgoblin comes into view.
Casting: Magic Dart (safe; 1% risk of failure)
Confirm with . or Enter, or press ? or * to list all spells.
Aiming: Searing Ray (safe; 1% risk of failure)
Press: ? - help, Shift-Dir - straight line, f - hobgoblin
Aim: a hobgoblin (asleep, 100% to hit)
The searing ray hits the hobgoblin!
You kill the hobgoblin! (Press . to maintain the ray.) 😎 MP[-2]
You lost 2 mp, and now have 8/10 mp.
An orc comes into view. It is wielding a +0 hand axe.
The orc shouts! 😎 MP[+2]
Your mp is fully restored (10).
Aiming: Magic Dart (safe; 1% risk of failure)
Press: ? - help, Q - select action, (/) - cycle Shift-Dir - straight line, f - orc
Aim: an orc, wielding a +0 hand axe (100% to hit)
The magic dart hits the orc! 😎 MP[-1]
You lost 1 mp, and now have 9/10 mp.
Aiming: Magic Dart (safe; 1% risk of failure)
Press: ? - help, Q - select action, (/) - cycle Shift-Dir - straight line, f/p - orc
Aim: an orc, wielding a +0 hand axe (almost dead, 100% to hit)
The magic dart hits the orc.
You kill the orc! 😎 MP[-1]
You lost 1 mp, and now have 8/10 mp.
Things that are here:
a +0 hand axe {axe}; an orc corpse; 😎 MP[+2]
Your mp is fully restored (10).
u - a +2 mace of protection {mace} Your +2 mace of protection {mace} hums with potential!
u - a +2 mace of protection (weapon)
{mace}
v - the +7 flail of Exhibitionism {holy, rF+ rN+ Dex+6, mace} Your +2 mace of protection {mace} goes still.
You feel agile.
The +7 flail of Exhibitionism {holy, rF+ rN+ Dex+6, mace} softly glows with a divine radiance!
v - the +7 flail of Exhibitionism (weapon)
{holy, rF+ rN+ Dex+6, mace}
Found a stone staircase leading down.
You now have 54 gold pieces (gained 11).
w - a wand of acid (2)
o - 4 emerald potions (gained 1)
You open the door.
A frilled lizard comes into view.
There is an open door here.
The helpless frilled lizard fails to defend itself.
You sock the frilled lizard!
You kill the frilled lizard!
You open the door.
There is an open door here.
There is a stone staircase leading up here.
A rat comes into view.
The helpless rat fails to defend itself.
You sock the rat!
You kill the rat!
You open the door.
There is an open door here.
x - a +4 ring of slaying
x - a +4 ring of slaying (left hand)
A rat comes into view.
The helpless rat fails to defend itself.
You sock the rat!
You kill the rat!
A black bear comes into view.
The black bear growls angrily.
Casting: Magic Dart (safe; 1% risk of failure)
Confirm with . or Enter, or press ? or * to list all spells.
Aiming: Searing Ray (safe; 1% risk of failure)
Press: ? - help, Shift-Dir - straight line, f - black bear
Aim: a black bear (85% to hit)
The searing ray hits the black bear. (Press . to maintain the ray.) 😎 MP[-2]
You lost 2 mp, and now have 8/10 mp.
The searing ray hits the black bear!
The black bear completely misses you. The black bear barely misses you.
The black bear claws you but does no damage. 😎 MP[-1]
You lost 1 mp, and now have 7/10 mp.
The searing ray hits the black bear!
The black bear goes berserk! 😎 MP[-1]
You lost 1 mp, and now have 6/10 mp.
The searing ray hits the black bear.
You finish channelling your searing ray.
The black bear bites you. The black bear claws you. x2
* * * LOW HITPOINT WARNING * * *
The black bear bites you!
Ouch! That really hurt!
You die...

Skill      XL: |  1  2 |
---------------+-------+-----
Conjurations   | 5 |  5.7
Dodging        | |  2.4
Stealth        | |  2.7
Spellcasting   | |  3.6

Action                   || total
-------------------------++-------
Melee: Flail             ||     3
 Cast: Magic Dart        ||    40
       Searing Ray       ||    14
 Stab: Sleeping          ||     3
Armor: Robe              ||     1
Dodge: Dodged            ||     5

Levels and vault maps discovered:
D:1:      minmay_arrival_four_circles, layout_basic,
          shapermc_ecumenical_altar_totnotflames, serial_shops,
          nicolae_shop_competitors_out_of_business, serial_park_tiny_2
D:2:      layout_loops_ring
D:3:      layout_basic, chequers_mini_garden

Notes
Turn   | Place    | Note
-------+----------+-------------------------------------------
     0 | D:1      | mortz the Deep Elf Conjurer began the quest for the Orb.
     0 | D:1      | Reached XP level 1. HP: 10/10 MP: 6/6
     0 | D:1      | magus.rc [v1.9.6]
   415 | D:1      | Found Vufo's Jewellery Boutique.
   437 | D:1      | Reached XP level 2. HP: 15/15 MP: 6/8
   458 | D:1      | Learned a level 2 spell: Searing Ray
   555 | D:1      | Found a faded altar of an unknown god.
   792 | D:1      | Reached skill level 5 in Conjurations
  1264 | D:2      | Reached XP level 3. HP: 19/19 MP: 4/9
  2247 | D:3      | Identified the +7 flail of Exhibitionism {holy, rF+ rN+
                  | Dex+6}
  2507 | D:3      | Noticed a black bear
  2523 | D:3      | Slain by a black bear

Vanquished Creatures
  An adder (D:2)
  A worm (D:2)
  A dart slug (D:3)
  An orc (D:3)
  2 ball pythons (D:2)
  3 bats
  3 endoplasms
  4 giant cockroaches
  7 goblins
  3 hobgoblins
  2 jackals (D:2)
  7 kobolds
  A frilled lizard (D:3)
  4 rats
40 creatures vanquished.

Table legend:
 A = Non-vault XP
 B = Vault XP
 C = Vault XP percentage of total XP
 D = Non-vault monster count
 E = Vault monster count
 F = Vault count percentage of total count
                 A         B        C        D         E       F
            +---------+---------+-------+---------+---------+-------
      Total |      87 |       0 |   0.0 |      40 |       0 |   0.0
            +---------+---------+-------+---------+---------+-------
        D:1 |      21 |       0 |   0.0 |      12 |       0 |   0.0
        D:2 |      50 |       0 |   0.0 |      20 |       0 |   0.0
        D:3 |      16 |       0 |   0.0 |       8 |       0 |   0.0
            +---------+---------+-------+---------+---------+-------

Illustrated notes

Table legend:
 A = Kills in this place as a percentage of kills in entire the game.
 B = Kills by you in this place as a percentage of kills by you in the entire game.
 C = Kills by friends in this place as a percentage of kills by friends in the entire game.
 D = Other kills in this place as a percentage of other kills in the entire game.
 E = Experience gained in this place as a percentage of experience gained in the entire game.
 F = Experience gained in this place divided by the number of levels of this place that you have seen.
                   A       B       C       D       E      F
               +-------+-------+-------+-------+-------+----------------------
         Total | 100.0 | 100.0 |   N/A |   N/A | 100.0 |  29.0
       Dungeon | 100.0 | 100.0 |   N/A |   N/A | 100.0 |  29.0
               +-------+-------+-------+-------+-------+----------------------

Table legend: (Time is in decaauts)
 A = Elapsed time spent in this place.
 B = Non-inter-level travel time spent in this place.
 C = Inter-level travel time spent in this place.
 D = Time resting spent in this place.
 E = Time spent auto-exploring this place.
 F = Levels seen in this place.
 G = Mean time per level.
                   A        B        C        D        E       F      G
               +--------+--------+--------+--------+--------+-----+--------+
         Total |   2521 |   2434 |     87 |    228 |   1961 |   3 |  840.3 |
       Dungeon |   2521 |   2434 |     87 |    228 |   1961 |   3 |  840.3 |
               +--------+--------+--------+--------+--------+-----+--------+

Top non-repeatable levels by time:
     D:2: 1073 daAuts
     D:1: 879 daAuts
     D:3: 568 daAuts
